 Dungeon Crawl Stone Soup version 0.23-a0-451-g1044d4c (webtiles) character file.

491741 Cricketeer the Hoplite (level 23, -5/213 HPs)
             Began as a Minotaur Berserker on Nov 22, 2018.
             Was the Champion of Trog.
             Slain by a slime creature (12 damage)
             ... while paralysed by a floating eye
             ... on level 5 of the Pits of Slime on Nov 23, 2018.
             The game lasted 03:09:40 (67338 turns).

Cricketeer the Hoplite (Minotaur Berserker)        Turns: 67338, Time: 03:09:40

Health: -5/213     AC: 21    Str: 23      XL:     23   Next: 60%
Magic:  8/8        EV:  2    Int:  8 (9)  God:    Trog [******]
Gold:   4102       SH:  0    Dex: 19 (21) Spells: 22/22 levels left

rFire    x . .     SeeInvis .   W - +5 demon whip "Spellbinder" {antimagic, MR+}
rCold    + . .     Gourm    .   i - +0 large shield of Bad Feelings {rC+ Regen+ Int+5}
rNeg     . . .     Faith    .   Y - +0 plate armour "Edidgh" {*Drain rF- MR+ Dex+8}
rPois    .         Spirit   .   a - +2 hat {MR+}
rElec    .         Reflect  +   j - scarf {repulsion}
rCorr    +         Harm     .   h - +0 pair of gloves {archery}
MR       ++++.                  p - +2 pair of boots {run}
Stlth    ++........             B - +3 amulet of reflection
HPRegen  0.85/turn              A - ring of stealth
MPRegen  0.11/turn              x - ring of resist corrosion

@: paralysed, studying Stealth, repel missiles, quick
A: retaliatory headbutt, horns 2, clumsy 2, deformed body, deterioration 1, low
mp 2, screaming 1, weak 1, subdued magic 1, MP-powered wands
}: 3/15 runes: serpentine, barnacled, silver
a: Berserk, Trog's Hand, Brothers in Arms, Renounce Religion


You were on level 5 of the Pits of Slime.
You worshipped Trog.
Trog was exalted by your worship.
You were not hungry.

You visited 10 branches of the dungeon, and saw 46 of its levels.
You also visited: Ossuary and Ice Cave.

You collected 6328 gold pieces.
You spent 2226 gold pieces at shops.

Inventory:

Hand Weapons
 k - a +4 demon whip of freezing
 D - the +6 flail "Tuxy" {crush, rElec MR- Str+6}
   (You found it on level 5 of the Vaults)

   It inflicts extra damage upon your enemies.
   It affects your strength (+6).
   It insulates you from electricity.
   It affects your resistance to hostile enchantments.
 W - the +5 demon whip "Spellbinder" (weapon) {antimagic, MR+}
   (Trog gifted it to you on level 4 of the Snake Pit)

   It reduces the magical energy of the wielder, and disrupts the spells and
   magical abilities of those hit.
   Natural abilities and divine invocations are not affected.
   It affects your resistance to hostile enchantments.
Missiles
 U - 6 tomahawks of returning (quivered)
Armour
 a - a +2 hat of magic resistance (worn)
 h - a +0 pair of gloves of archery (worn)
 i - the +0 large shield of Bad Feelings (worn) {rC+ Regen+ Int+5}
   (You took it off Louise on level 15 of the Dungeon)

   It affects your intelligence (+5).
   It protects you from cold.
   It increases your rate of regeneration.
 j - a scarf of repulsion (worn)
 p - a +2 pair of boots of running (worn)
 J - the +2 plate armour of the Armadillo {*Contam rN+ rCorr Int+4}
   (You bought it in a shop on level 2 of the Elven Halls)

   It affects your intelligence (+4).
   It protects you from negative energy.
   It causes magical contamination when unequipped.
   It provides partial protection from all sources of acid and corrosion.
 Y - the +0 plate armour "Edidgh" (worn) {*Drain rF- MR+ Dex+8}
   (You bought it in a shop on level 2 of the Orcish Mines)

   It affects your dexterity (+8).
   It makes you vulnerable to fire.
   It affects your resistance to hostile enchantments.
   It causes draining when unequipped.
Jewellery
 f - an uncursed ring of protection from magic
 x - a ring of resist corrosion (right hand)
 A - a ring of stealth (left hand)
 B - a +3 amulet of reflection (around neck)
 C - an uncursed ring of protection from magic
 I - a +3 ring of slaying
 Q - an uncursed amulet of the gourmand
 T - an uncursed ring of see invisible
Wands
 v - a wand of flame (28)
 M - a wand of acid (4)
 S - a wand of digging (6)
Scrolls
 b - 2 scrolls of summoning
 e - 8 scrolls of fog
 m - 8 scrolls of enchant weapon
 o - 4 scrolls of magic mapping
 t - 8 scrolls of fear
 u - 4 scrolls of identify
 w - 13 scrolls of teleportation
 N - 8 scrolls of enchant armour
 O - a scroll of vulnerability {unknown}
 P - a scroll of silence
 V - 17 scrolls of remove curse
 X - a scroll of torment
Potions
 d - 20 potions of curing
 g - 3 potions of invisibility
 l - 7 potions of might
 q - 10 potions of agility
 r - 8 potions of lignification
 s - 4 potions of haste
 z - 2 potions of cancellation
 E - 3 potions of brilliance
 F - 2 potions of magic
 G - 2 potions of heal wounds
 H - 5 potions of flight
 K - 2 potions of resistance
Books
 L - a manual of Stealth
Miscellaneous
 y - 2 boxes of beasts
Comestibles
 c - 52 rations


   Skills:
 + Level 19.5 Fighting
 - Level 17.5 Maces & Flails
 + Level 16.7 Throwing
 + Level 19.4 Armour
 + Level 18.1 Dodging
 + Level 12.6 Stealth
 - Level 21.6 Shields
 * Level 14.4 Evocations


You had 22 spell levels left.
You didn't know any spells.
Your spell library was empty.

Dungeon Overview and Level Annotations

Branches:
Dungeon (15/15)            Temple (1/1) D:7            Lair (6/6) D:8
 Shoals (4/4) Lair:4        Snake (4/4) Lair:3        Slime (5/5) Lair:6
    Orc (2/2) D:11            Elf (3/3) Orc:2        Vaults (5/5) D:14
  Crypt (0/3) Vaults:2     Depths (0/5) D:15           Hell (1/1)
    Dis: Hell:1         Geh: Hell:1         Coc: Hell:1         Tar: Hell:1

Altars:
Cheibriados
Dithmenos
Elyvilon
Makhleb
Okawaru
Sif Muna
Trog
Uskayaw
Zin
Beogh
Jiyva

Shops:
D:4 ?   D:5 *   D:6 *   D:10 *   D:11 [   D:14 *   Orc:2 :?[%   Elf:2 [(*(
Snake:1 *   Snake:4 :   Vaults:1 (   Vaults:3 *   Vaults:5 }

Portals:
Hell: Lair:6

Annotations:
D:15 exclusion: Roxanne, Roxanne
Snake:2 3 runed doors, exclusion: oklob plant, Angani's ghost, adept DrWn


Innate Abilities, Weirdness & Mutations

You reflexively headbutt those who attack you in melee.
You have a pair of horns on your head.
You are very clumsy. (Dex -4)
Armour fits poorly on your strangely shaped body.
Your body sometimes deteriorates upon taking damage.
Your magical capacity is very low. (-20% MP)
You occasionally shout uncontrollably at your foes.
You are weak. (Str -2)
Your spells are a little easier to cast, but a little less powerful.
You expend magic power (3 MP) to strengthen your wands.


Message History

You suddenly lose the ability to move!
The slime creature hits you. The large slime creature hits you!!
* * * LOW HITPOINT WARNING * * *
The slime creature hits you.
* * * LOW HITPOINT WARNING * * *
The slime creature hits you but does no damage.
The floating eye's stare focuses on you.
The slime creature hits you but does no damage.
The large slime creature hits you but does no damage.
The slime creature hits you.
* * * LOW HITPOINT WARNING * * *
The slime creature hits you!
* * * LOW HITPOINT WARNING * * *
The slime creature hits you.
* * * LOW HITPOINT WARNING * * *
The large slime creature hits you!!
* * * LOW HITPOINT WARNING * * *
The slime creature hits you but does no damage.
The slime creature hits you!
You die...

.#.JJ.. #........
...#J_. .........
#####.G ......... $#:#J#
#........ [##..
##........ =$##.
#......... ##..
###......... .##
##..JJJ...... ## ..#
##...G@J......
.#####.####......G......
..#.#....#..............
........................
........................
........................
........................
........................
.......................


You could see a large slime creature, 3 slime creatures, a shining eye and a
floating eye.

Vanquished Creatures
  the Royal Jelly (Slime:5)
  Dissolution (Slime:3)
  2 ancient liches (Vaults:5)
  A shard shrike (Vaults:2)
  A golden dragon (Vaults:4)
  Nikola (Vaults:1)
  Rupert (D:14)
  3 liches (Vaults:5)
  2 deep elf master archers (Elf:3)
  A deep elf blademaster (Elf:2)
  6 titans
  22 acid blobs
  2 tengu reavers
  2 krakens
  4 sphinxes
  2 storm dragons (Vaults:5)
  5 nagarajas
  4 shadow dragons
  15 azure jellies
  2 deep elf sorcerers (Elf:3)
  4 fire giants
  Louise (D:15)
  A ghoul (Vaults:2)
  9 vault wardens
  3 frost giants
  11 ironheart preservers
  An emperor scorpion (Vaults:2)
  3 deep elf elementalists
  A war gargoyle (Vaults:5)
  8 stone giants
  10 very ugly things
  An entropy weaver (Vaults:4)
  A dire elephant (D:15)
  8 deep elf demonologists
  3 deep elf annihilators
  A minotaur (Elf:3)
  An eidolon (Vaults:2)
  A crystal guardian (Vaults:4)
  7 death oozes
  3 ettins
  12 yaktaur captains
  3 great orbs of eyes
  6 ogre magi
  9 deep elf high priests
  The ghost of sl00ts the Severer, a journeyman MiFi of Okawaru (D:12)
  5 deep elf death magi
  10 merfolk impalers
  3 fire dragons
  14 hydras
  An ice dragon (Vaults:2)
  A servant of whispers (Vaults:1)
  Erolcha (D:13)
  2 rakshasas (Vaults:2)
  32 vault guards
  An alligator snapping turtle (Shoals:3)
  13 naga warriors
  3 death knights
  6 anacondas
  25 two-headed ogres
  7 centaur warriors
  4 merfolk avatars
  13 dancing weapons
  A deep troll shaman (Vaults:5)
  2 satyrs
  5 merfolk aquamancers
  5 death yaks
  2 tengu warriors (D:13)
  2 deep troll earth magi
  A vampire mage (Vaults:2)
  2 shock serpents
  16 naga sharpshooters
  2 hell knights (Vaults:5)
  7 orc high priests
  25 deep elf knights
  A sun demon (Lair:6)
  A shadow wraith (Vaults:4)
  5 skeletal warriors
  An iron troll (Vaults:3)
  An unseen horror (D:15)
  A death drake (shapeshifter) (Vaults:4)
  A death drake (Shoals:2)
  A glowing orange brain (shapeshifter) (Vaults:5)
  3 glowing orange brains
  12 sea snakes
  9 deep trolls
  12 deep elf archers
  A flayed ghost (Vaults:1)
  4 wizards
  7 ironbrand convokers
  6 naga ritualists
  6 phantasmal warriors
  22 harpies
  The ghost of zhngchq the Thaumaturge, a novice DEWz of Cheibriados (Lair:1)
  40 deep elf magi
  8 wolf spiders
  8 mana vipers
  2 necromancers
  34 ugly things
  12 manticores
  A faun (shapeshifter) (Vaults:4)
  15 fauns
  7 orc sorcerers
  A stone giant zombie (Vaults:4)
  5 cyclopes
  4 shining eyes
  A shadow dragon skeleton (Vaults:4)
  19 orc knights
  A salamander (shapeshifter) (Vaults:2)
  22 elephants
  A guardian serpent (shapeshifter) (Vaults:3)
  3 salamanders
  A guardian serpent (Snake:3)
  An ice statue (IceCv)
  28 black mambas
  5 merfolk sirens
  Joseph (D:8)
  3 orange demons (Lair:6)
  15 vault sentinels
  3 water nymphs
  A spiny frog (shapeshifter) (Vaults:3)
  5 centaur skeletons
  2 gargoyles
  7 naga magi
  7 spiny frogs
  6 rime drakes
  40 yaktaurs
  A kobold demonologist (D:15)
  An efreet (D:14)
  2 rime drakes (shapeshifter) (Vaults:1)
  10 freezing wraiths
  13 komodo dragons
  A hellwing (Lair:6)
  7 trolls
  23 merfolk
  An ice devil (Lair:6)
  2 red devils (Lair:6)
  A redback zombie (D:14)
  A polar bear (shapeshifter) (Vaults:4)
  3 meliai (D:13)
  12 polar bears
  4 wind drakes
  2 hornets (shapeshifter)
  A queen bee (shapeshifter) (Vaults:3)
  A sphinx simulacrum (Vaults:3)
  2 hornets
  114 slime creatures
  2 saltlings (Vaults:1)
  16 hippogriffs
  11 blink frogs
  12 snapping turtles
  A meliai zombie (D:14)
  A hippogriff (shapeshifter) (Vaults:3)
  A stone giant simulacrum (Vaults:4)
  3 shadows
  An air elemental (Elf:1)
  A spriggan (D:8)
  A redback (shapeshifter) (Vaults:5)
  51 yaks
  A wyvern (shapeshifter) (D:12)
  2 basilisks
  2 hogs (shapeshifter)
  9 humans (D:14)
  A human (shapeshifter) (Vaults:5)
  15 water elementals
  2 fire elementals
  9 wraiths
  3 wyverns
  7 vampire mosquitoes
  A hungry ghost (D:11)
  21 wargs
  An acid dragon (Vaults:1)
  52 nagas
  A swamp worm (Vaults:4)
  A two-headed ogre zombie (D:11)
  3 hell hounds (Lair:6)
  18 water moccasins
  13 porcupines
  4 sky beasts
  51 orc warriors
  2 ice beasts
  6 phantoms
  4 necrophages
  6 black bears
  4 eyes of draining
  A wolf (shapeshifter) (Vaults:5)
  25 crocodiles
  22 ogres
  11 wolves
  12 centaurs
  A boggart (Vaults:2)
  A big kobold (D:8)
  A bullfrog (shapeshifter) (Elf:2)
  2 earth elementals
  14 bullfrogs
  2 elf skeletons (D:4)
  A wyvern skeleton (D:14)
  7 killer bees
  6 scorpions
  2 human simulacra
  A troll zombie (D:11)
  9 wights
  6 howler monkeys
  2 electric eels
  12 crimson imps
  2 bullfrog zombies
  4 centaur zombies
  A quasit (D:8)
  3 human zombies
  20 jellies
  2 bullfrog skeletons
  3 hounds
  2 gnoll shamans
  20 orc priests
  A human skeleton (D:4)
  2 iguanas (D:9)
  21 orc wizards
  11 worker ants
  2 hell rats (Lair:3)
  5 ogre zombies (D:11)
  4 big kobold zombies (Ossuary)
  A hound zombie (D:11)
  2 hound skeletons
  4 mummies (Ossuary)
  A worker ant zombie (D:10)
  15 gnolls
  6 adders
  9 river rats (Lair:3)
  2 shadow imps
  A white imp (D:7)
  An adder skeleton (D:4)
  3 worms
  A dart slug (D:1)
  4 leopard geckos
  128 orcs
  2 ball pythons (D:1)
  4 bats
  2 giant cockroaches
  5 goblins
  7 hobgoblins
  8 jackals
  3 quokkas
  5 frilled lizards
  A goblin skeleton (D:11)
  A goblin zombie (D:11)
  3 hobgoblin skeletons (D:11)
  2 hobgoblin zombies
  A jackal skeleton (D:9)
  A jackal zombie (D:8)
  12 kobolds
  A kobold zombie (Ossuary)
  A leopard gecko zombie (D:5)
  3 orc skeletons
  5 orc zombies
  15 rats
  A plant (Shoals:4)
  7 tentacles
1853 creatures vanquished.

Vanquished Creatures (collateral kills)
  An ancient lich (Vaults:5)
  Agnes (Snake:3)
  A fire giant (Vaults:5)
  4 nagarajas (Snake:4)
  2 vault wardens
  4 deep elf sorcerers
  2 deep elf elementalists (Elf:3)
  2 deep elf annihilators (Elf:3)
  A deep elf demonologist (Elf:3)
  A merfolk javelineer (Shoals:4)
  2 deep elf death magi (Elf:3)
  4 vault guards
  2 anacondas (Snake:2)
  5 dancing weapons
  7 naga sharpshooters
  A salamander mystic (Snake:4)
  A sea snake (Shoals:4)
  3 deep elf archers (Elf:1)
  2 necromancers (D:14)
  A faun (Shoals:4)
  16 deep elf magi
  A salamander (Snake:2)
  A shining eye (Slime:3)
  A black mamba (Snake:2)
  A merfolk siren (Shoals:4)
  3 naga magi
  A merfolk (Shoals:4)
  3 polar bears (IceCv)
  A hornet (Vaults:1)
  A slime creature (Slime:4)
  2 snapping turtles (Shoals:4)
  An air elemental (Elf:1)
  8 humans (D:14)
  12 nagas
  A phantom (D:11)
  A centaur (D:14)
  An orc priest (D:11)
  An ogre zombie (D:11)
  A goblin skeleton (D:11)
  A goblin zombie (D:11)
  3 hobgoblin zombies (D:11)
  An orc skeleton (D:11)
  8 orc zombies (D:11)
117 creatures vanquished.

Vanquished Creatures (others)
  3 eldritch tentacles
  A vault warden (Vaults:3)
  2 ironheart preservers
  2 deep elf annihilators
  An ettin (Vaults:5)
  2 yaktaur captains
  2 naga warriors
  2 centaur warriors
  A satyr (Shoals:4)
  A naga sharpshooter (Snake:2)
  A shock serpent (Snake:3)
  A salamander mystic (Snake:4)
  A glowing orange brain (Vaults:1)
  6 deep elf archers
  3 deep elf magi
  A mana viper (Snake:1)
  An orc knight (Vaults:4)
  A faun (Shoals:1)
  2 cyclopes
  3 black mambas
  2 naga magi (Snake:1)
  A vault sentinel (Vaults:4)
  10 yaktaurs
  A spriggan (shapeshifter) (Vaults:1)
  A spatial vortex (Elf:1)
  2 nagas
  An ogre (Vaults:4)
  5 ball lightnings
  8 fire vortices
  14 fungi
  23 plants
  24 tentacles
129 creatures vanquished.

Grand Total: 2099 creatures vanquished

Notes
Turn   | Place    | Note
-------+----------+-------------------------------------------
     0 | D:1      | Cricketeer the Minotaur Berserker began the quest for the
                  | Orb.
     0 | D:1      | Reached XP level 1. HP: 19/19 MP: 0/0
   367 | D:1      | Reached XP level 2. HP: 27/27 MP: 1/1
  1006 | D:2      | You fall through a shaft for 2 floors!
  1218 | D:4      | Found Deseo's Magic Scroll Boutique.
  1251 | D:4      | Reached XP level 3. HP: 15/33 MP: 2/2
  1273 | D:4      | Reached ** piety under Trog
  1273 | D:4      | Reached skill level 5 in Maces & Flails
  1273 | D:4      | Reached XP level 4. HP: 8/41 MP: 3/3
  1410 | D:4      | Found a sand-covered staircase.
  1417 | Ossuary  | Entered an ossuary
  1673 | Ossuary  | Reached XP level 5. HP: 31/47 MP: 4/4
  2341 | Ossuary  | Reached XP level 6. HP: 37/55 MP: 5/5
  2369 | D:4      | Reached skill level 5 in Fighting
  3558 | D:3      | Reached XP level 7. HP: 21/61 MP: 6/6
  4174 | D:3      | Reached *** piety under Trog
  4355 | D:3      | Reached skill level 1 in Shields
  4836 | D:4      | Reached skill level 2 in Shields
  4915 | D:4      | Reached skill level 5 in Armour
  5125 | D:5      | Entered Level 5 of the Dungeon
  5221 | D:5      | Reached skill level 3 in Shields
  5271 | D:5      | Reached XP level 8. HP: 70/70 MP: 7/7
  5518 | D:5      | Found Geaz's General Store.
  5788 | D:6      | Reached skill level 5 in Dodging
  5788 | D:6      | Reached skill level 4 in Shields
  6030 | D:6      | Found Xalyegoved's Elemental Accessories.
  6311 | D:7      | Reached skill level 5 in Shields
  6405 | D:7      | Found a staircase to the Ecumenical Temple.
  6441 | D:7      | Noticed a hippogriff
  6449 | D:7      | Killed a hippogriff
  6453 | D:7      | Reached XP level 9. HP: 78/78 MP: 8/8
  6748 | D:7      | Reached **** piety under Trog
  7008 | Temple   | Entered the Ecumenical Temple
  7040 | D:8      | Reached skill level 6 in Shields
  7110 | D:8      | Found a snail-covered altar of Cheibriados.
  7115 | D:8      | Found a bloodstained altar of Trog.
  7117 | D:8      | Found a glowing silver altar of Zin.
  7122 | D:8      | Found a deep blue altar of Sif Muna.
  7122 | D:8      | Found a white marble altar of Elyvilon.
  7123 | D:8      | Found a burning altar of Makhleb.
  7513 | D:8      | Noticed Joseph
  7564 | D:8      | Killed Joseph
  7564 | D:8      | Reached skill level 10 in Maces & Flails
  7564 | D:8      | Reached skill level 7 in Shields
  7607 | D:8      | Found a staircase to the Lair.
  7630 | D:8      | Reached XP level 10. HP: 82/88 MP: 9/9
  7744 | D:8      | Reached skill level 8 in Shields
  7848 | D:8      | Noticed a two-headed ogre
  7854 | D:8      | Killed a two-headed ogre
  8242 | D:9      | Reached ***** piety under Trog
  8242 | D:9      | Received a gift from Trog
  8252 | D:9      | Reached skill level 9 in Shields
  8753 | D:10     | Entered Level 10 of the Dungeon
  8787 | D:10     | Received a gift from Trog
  9134 | D:10     | Found Toroux's Assorted Antiques.
  9137 | D:10     | Bought a crystal flail for 255 gold pieces
  9137 | D:10     | Identified the +4 flail "Mumeulo" {drain, rElec rC- Str+2}
                  | (You bought it in a shop on level 10 of the Dungeon)
  9146 | D:10     | Reached XP level 11. HP: 70/95 MP: 10/10
  9483 | D:10     | Reached skill level 10 in Shields
  9887 | D:11     | Received a gift from Trog
  9951 | D:11     | Found a hide-covered altar of Uskayaw.
  9983 | D:11     | Found Lobocvoe's Armour Boutique.
 10069 | D:11     | Noticed a brown ugly thing
 10079 | D:11     | Killed a brown ugly thing
 10094 | D:11     | Found a staircase to the Orcish Mines.
 10130 | D:11     | Received a gift from Trog
 10173 | D:11     | Noticed a two-headed ogre
 10181 | D:11     | Killed a two-headed ogre
 10591 | Orc:1    | Entered Level 1 of the Orcish Mines
 10591 | Orc:1    | Noticed an orc sorcerer
 10591 | Orc:1    | Noticed an orc high priest
 10601 | Orc:1    | Noticed a sixfirhy
 10646 | Orc:1    | Noticed an orc knight
 10746 | Orc:1    | Noticed an orc knight
 10750 | D:11     | Killed an orc sorcerer
 10752 | D:11     | Killed an orc knight
 10752 | D:11     | Reached skill level 11 in Shields
 11017 | Orc:1    | Killed an orc knight
 11034 | Orc:1    | Killed an orc high priest
 11231 | Orc:1    | Reached XP level 12. HP: 97/106 MP: 9/11
 11436 | Orc:2    | Entered Level 2 of the Orcish Mines
 11436 | Orc:2    | Found a staircase to the Elven Halls.
 11549 | Lair:1   | Entered Level 1 of the Lair of Beasts
 11555 | Lair:1   | Found a runed gate.
 11556 | Lair:1   | Noticed zhngchq's ghost (novice DEWz)
 11556 | Lair:1   | Noticed a ten-headed hydra
 11571 | Lair:1   | Reached skill level 10 in Fighting
 11573 | Lair:1   | Found a runed gate.
 11573 | Lair:1   | Found a runed gate.
 11586 | Lair:1   | Found a frozen archway.
 11589 | Lair:1   | Noticed a five-headed hydra
 11610 | Lair:1   | Killed a five-headed hydra
 11624 | IceCv    | Entered an ice cave
 12093 | IceCv    | Reached skill level 12 in Shields
 12206 | IceCv    | Reached skill level 10 in Armour
 12426 | IceCv    | Noticed a frost giant
 12442 | IceCv    | Killed a frost giant
 13342 | Lair:1   | Received a gift from Trog
 13462 | Lair:1   | Noticed a six-headed hydra
 13469 | Lair:1   | Killed a six-headed hydra
 13842 | Lair:1   | Killed a ten-headed hydra
 13842 | Lair:1   | Reached skill level 13 in Shields
 13842 | Lair:1   | Reached XP level 13. HP: 108/115 MP: 8/12
 13846 | Lair:1   | Killed zhngchq's ghost
 14894 | Lair:3   | Reached skill level 10 in Dodging
 15121 | Lair:3   | Found a staircase to the Snake Pit.
 15811 | Lair:4   | Found a staircase to the Shoals.
 15952 | Lair:4   | Reached skill level 15 in Maces & Flails
 17333 | Lair:5   | Reached skill level 14 in Shields
 18587 | Lair:6   | Entered Level 6 of the Lair of Beasts
 18674 | Lair:6   | Reached XP level 14. HP: 120/125 MP: 11/13
 19317 | Lair:6   | Found a burning altar of Makhleb.
 19419 | Lair:6   | Found a gateway to Hell.
 19659 | Lair:6   | Reached skill level 15 in Shields
 19794 | Lair:6   | Reached ****** piety under Trog
 20232 | Lair:6   | Received a gift from Trog
 20367 | Lair:6   | Found a staircase to the Slime Pits.
 21849 | Hell     | Entered the Vestibule of Hell
 22351 | D:12     | Found a runed gate.
 22351 | D:12     | Found a runed gate.
 22352 | D:12     | Found a runed gate.
 22704 | D:12     | Noticed sl00ts's ghost (journeyman MiFi)
 22720 | D:12     | Killed sl00ts's ghost
 22960 | D:13     | Received a gift from Trog
 22975 | D:13     | Reached skill level 1 in Throwing
 23018 | D:13     | Noticed Erolcha
 23027 | D:13     | Killed Erolcha
 23027 | D:13     | Reached XP level 15. HP: 134/134 MP: 14/14
 23573 | D:13     | Reached skill level 16 in Shields
 23851 | D:13     | Received a gift from Trog
 24340 | D:14     | Noticed Rupert
 24366 | D:14     | Killed Rupert
 24985 | D:14     | Found a gate to the Vaults.
 24991 | D:14     | Reached skill level 5 in Throwing
 25583 | D:14     | Found Xary's General Store.
 25652 | D:14     | Received a gift from Trog
 25655 | D:14     | Got a crystal morningstar {god gift}
 25656 | D:14     | Identified the +2 morningstar "Laup" {distort, Str+3} (Trog
                  | gifted it to you on level 14 of the Dungeon)
 25731 | D:15     | Entered Level 15 of the Dungeon
 25779 | D:15     | Noticed Roxanne
 25979 | D:15     | Found a staircase to the Depths.
 26047 | D:15     | Reached skill level 17 in Shields
 26432 | D:15     | Identified the cursed +0 large shield of Bad Feelings {rC+
                  | Regen+ Int+5}
 26432 | D:15     | Noticed Louise
 26453 | D:15     | Killed Louise
 27184 | D:4      | Bought a scroll of identify for 28 gold pieces
 27184 | D:4      | Bought a scroll of identify for 28 gold pieces
 27184 | D:4      | Bought a scroll of identify for 28 gold pieces
 27184 | D:4      | Bought a scroll of acquirement for 728 gold pieces
 27568 | Snake:1  | Entered Level 1 of the Snake Pit
 27798 | Snake:1  | Reached XP level 16. HP: 145/145 MP: 15/15
 27894 | Snake:1  | Received a gift from Trog
 28576 | Snake:1  | Found Vuaffuam's Assorted Antiques.
 29133 | Snake:2  | Found a runed gate.
 29133 | Snake:2  | Found a runed gate.
 29133 | Snake:2  | Found a runed gate.
 29133 | Snake:2  | Noticed Angani's ghost (adept DrWn)
 29454 | Snake:2  | Reached skill level 18 in Shields
 29650 | Snake:2  | Received a gift from Trog
 29963 | Snake:2  | Found an iron altar of Okawaru.
 30097 | Snake:3  | Noticed Agnes
 30177 | Snake:3  | Got a distressingly furry chain mail
 30452 | Snake:2  | Identified the +3 chain mail of Nahus {+Inv} (You found it
                  | on level 3 of the Snake Pit)
 30903 | Snake:3  | Killed Agnes
 30944 | Snake:4  | Entered Level 4 of the Snake Pit
 31579 | Snake:4  | Received a gift from Trog
 31623 | Snake:4  | Reached skill level 10 in Throwing
 31648 | Snake:4  | Received a gift from Trog
 31649 | Snake:4  | Found the +5 demon whip "Spellbinder" {antimagic, MR+}
 31670 | Snake:4  | Reached XP level 17. HP: 73/154 MP: 3/16
 33094 | Snake:4  | Found Odghir's Book Boutique.
 33148 | Snake:4  | Reached skill level 19 in Shields
 33378 | Snake:4  | Got a serpentine rune of Zot
 33411 | Snake:4  | Reached skill level 15 in Fighting
 33444 | Snake:4  | Received a gift from Trog
 33753 | Snake:4  | Found a shadowy altar of Dithmenos.
 33909 | Shoals:1 | Entered Level 1 of the Shoals
 33995 | Shoals:1 | Received a gift from Trog
 34068 | Shoals:1 | Noticed a kraken
 34862 | Shoals:1 | Received a gift from Trog
 34968 | Shoals:1 | Reached skill level 15 in Armour
 35072 | Shoals:1 | Killed a kraken
 35311 | Shoals:2 | Received a gift from Trog
 37065 | Shoals:4 | Entered Level 4 of the Shoals
 37205 | Shoals:4 | Received a gift from Trog
 37596 | Shoals:4 | Reached XP level 18. HP: 152/163 MP: 4/17
 37824 | Shoals:4 | Reached skill level 20 in Shields
 38708 | Shoals:4 | HP: 8/166 [poisoned by a sea snake]
 39276 | Shoals:4 | Received a gift from Trog
 39424 | Shoals:4 | Got a barnacled rune of Zot
 40297 | Orc:2    | Found a roughly hewn altar of Beogh.
 40398 | Orc:2    | Found Zumegheg's Food Emporium.
 40827 | Orc:2    | Received a gift from Trog
 41047 | Orc:2    | Found Kaseubly's Armour Boutique.
 41053 | Orc:2    | Found Ahawn's Magic Scroll Boutique.
 41055 | Orc:2    | Found Xoath's Book Emporium.
 41061 | Orc:2    | Bought a scroll of identify for 28 gold pieces
 41061 | Orc:2    | Bought a scroll of identify for 28 gold pieces
 41061 | Orc:2    | Bought a scroll of identify for 28 gold pieces
 41311 | Orc:2    | Bought the cursed +0 plate armour "Edidgh" {*Drain rF- MR+
                  | Dex+8} for 515 gold pieces
 41386 | Elf:1    | Entered Level 1 of the Elven Halls
 41499 | Elf:1    | Received a gift from Trog
 42234 | Elf:1    | Received a gift from Trog
 42234 | Elf:1    | Reached skill level 15 in Dodging
 42801 | Elf:2    | Found Awnetzok's Antique Armour Shop.
 42864 | Elf:2    | Bought an encrusted plate armour for 560 gold pieces
 42864 | Elf:2    | Identified the +2 plate armour of the Armadillo {*Contam
                  | rN+ rCorr Int+4} (You bought it in a shop on level 2 of the
                  | Elven Halls)
 42971 | Elf:2    | Reached skill level 21 in Shields
 43005 | Elf:2    | Found Siur's Assorted Antiques.
 43030 | Elf:2    | Found Jaumioz's Antique Weapon Shoppe.
 43086 | Elf:2    | Found Voribeok's Antique Weapon Shop.
 43138 | Elf:2    | Found a runed gate.
 43243 | Elf:2    | Found a runed gate.
 43245 | Elf:2    | Found a runed gate.
 43373 | Elf:2    | Received a gift from Trog
 43459 | Elf:2    | Reached XP level 19. HP: 174/174 MP: 6/18
 44253 | Elf:3    | Entered Level 3 of the Elven Halls
 44599 | Elf:2    | Received a gift from Trog
 45572 | Elf:3    | Identified the amulet "Plog" {Acrobat rN+ SInv}
 45576 | Elf:3    | Identified the ring "Raoriz" {Ice Dex+4}
 45576 | Elf:3    | Identified the +5 flail of Patterns {flame, +Rage rPois}
 45576 | Elf:3    | Identified the +12 hand axe of the Assorted Wars {venom,
                  | +Rage Str+3 Dex+2}
 45576 | Elf:3    | Identified the cursed +0 trident of Karma {vamp, Str+4
                  | Int+7 Dex-3}
 45963 | Elf:3    | Noticed a Tzitzimitl
 46498 | Elf:3    | Identified the ring "Nucub" {*Drain rF+ rN++ Int+5}
 46671 | Elf:3    | Received a gift from Trog
 46923 | Elf:3    | Identified a +2 pair of boots of running (You found it on
                  | level 3 of the Elven Halls)
 46943 | Elf:3    | Identified Qazethraf's Grimoire of Dusty Necromancy
 46967 | Elf:3    | Got a steaming hand crossbow
 47192 | Vaults:1 | Entered Level 1 of the Vaults
 47226 | Vaults:1 | Reached skill level 1 in Evocations
 47268 | Vaults:1 | Reached skill level 1 in Stealth
 47464 | Vaults:1 | Found Inim's Antique Weapon Emporium.
 47535 | Vaults:1 | Noticed Nikola
 47549 | Vaults:1 | Killed Nikola
 47785 | Vaults:1 | Found a ruined gateway.
 48052 | Vaults:1 | Reached XP level 20. HP: 184/184 MP: 7/22
 48114 | Vaults:1 | Received a gift from Trog
 48114 | Vaults:1 | Reached skill level 5 in Evocations
 48850 | Vaults:2 | Received a gift from Trog
 49920 | Vaults:2 | Reached skill level 5 in Stealth
 50987 | Vaults:2 | Found a staircase to the Crypt.
 51059 | Vaults:2 | Received a gift from Trog
 51190 | Vaults:2 | Noticed Frederick
 51199 | Vaults:2 | Noticed Frederick
 51199 | Vaults:2 | Frederick changed into Frederick the shard shrike
 51217 | Vaults:2 | Killed Frederick the shard shrike
 52743 | Vaults:3 | Received a gift from Trog
 52789 | Vaults:3 | Found Yhiogobe's General Store.
 53020 | Vaults:3 | Reached skill level 15 in Throwing
 53027 | Vaults:3 | Received a gift from Trog
 53074 | Vaults:3 | Reached skill level 10 in Evocations
 53087 | Vaults:3 | Got an ichor-stained plate armour
 53170 | Vaults:3 | Identified the +2 plate armour "Ashre" {rC+ Int+2} (You
                  | found it on level 3 of the Vaults)
 53254 | Vaults:3 | Received a gift from Trog
 53448 | Vaults:3 | Gained mutation: You are clumsy. (Dex -2) [the power of
                  | Zot]
 53448 | Vaults:3 | Gained mutation: You are very clumsy. (Dex -4) [the power
                  | of Zot]
 53544 | Vaults:3 | Reached XP level 21. HP: 193/193 MP: 9/27
 54590 | Vaults:4 | Received a gift from Trog
 54686 | Vaults:4 | Noticed a golden dragon
 54686 | Vaults:4 | a sphinx changed into a golden dragon
 54698 | Vaults:4 | Killed a golden dragon
 55202 | Vaults:4 | Received a gift from Trog
 55614 | Vaults:4 | Received a gift from Trog
 55936 | Vaults:5 | Entered Level 5 of the Vaults
 56010 | Vaults:4 | Received a gift from Trog
 56975 | Vaults:5 | Reached XP level 22. HP: 108/203 MP: 10/30
 57432 | Vaults:5 | Noticed an ancient lich
 57452 | Vaults:5 | Killed an ancient lich
 57452 | Vaults:5 | Reached skill level 10 in Stealth
 57555 | Vaults:5 | Received a gift from Trog
 58173 | Vaults:5 | Noticed an ancient lich
 58198 | Vaults:5 | Killed an ancient lich
 59229 | Vaults:5 | Identified Uppavipn's Incunabulum of Spatial Summoning
 59244 | Vaults:5 | Identified the +7 hand crossbow of Autumn {penet, rElec MR-
                  | Str-2 Int+10} (You found it on level 3 of the Elven Halls)
 59358 | Vaults:5 | Got a translucent flail
 59375 | Vaults:5 | Identified the +6 flail "Tuxy" {crush, rElec MR- Str+6}
                  | (You found it on level 5 of the Vaults)
 59414 | Vaults:5 | Identified the +6 hand crossbow "Let Sede" {velocity, +Fly
                  | rPois rF+ Str-2}
 59570 | Vaults:5 | Got a faintly humming hat
 59577 | Vaults:5 | Got a silver rune of Zot
 59591 | Vaults:5 | Identified Hinir's Almanac of Conjuration
 59611 | Vaults:5 | Identified the +4 hat of Negation {rPois Str-5 Dex+5
                  | Stlth+} (You found it on level 5 of the Vaults)
 59668 | Vaults:5 | Noticed an ancient lich
 60358 | Vaults:5 | Received a gift from Trog
 61167 | Vaults:5 | Received a gift from Trog
 61267 | Vaults:5 | Found Zazoalepn's Gadget Shop.
 61445 | Vaults:5 | Killed an ancient lich
 62328 | Slime:1  | Entered Level 1 of the Pits of Slime
 62371 | Slime:1  | Received a gift from Trog
 62549 | Slime:2  | Reached XP level 23. HP: 92/213 MP: 10/32
 62809 | Slime:2  | Received a gift from Trog
 63720 | Slime:3  | Noticed Dissolution
 63733 | Slime:3  | Gained mutation: You occasionally shout uncontrollably at
                  | your foes. [a shining eye]
 63739 | Slime:3  | Killed Dissolution
 63822 | Slime:3  | Gained mutation: You expend magic power (3 MP) to
                  | strengthen your wands. [a shining eye]
 63833 | Slime:3  | Gained mutation: Your spells are a little easier to cast,
                  | but a little less powerful. [a shining eye]
 64624 | Slime:4  | Gained mutation: Armour fits poorly on your strangely
                  | shaped body. [a shining eye]
 64649 | Slime:3  | Gained mutation: Your body sometimes deteriorates upon
                  | taking damage. [a shining eye]
 64653 | Slime:3  | Gained mutation: You are weak. (Str -2) [a shining eye]
 64656 | Slime:3  | Gained mutation: Your magical capacity is low. (-10% MP) [a
                  | shining eye]
 64664 | Slime:3  | Gained mutation: Your magical capacity is very low. (-20%
                  | MP) [a shining eye]
 65302 | Slime:5  | Entered Level 5 of the Pits of Slime
 65326 | Slime:4  | Received a gift from Trog
 65798 | Slime:5  | Found a viscous altar of Jiyva.
 65799 | Slime:5  | Noticed the Royal Jelly
 66124 | Slime:5  | Killed the Royal Jelly
 66148 | Slime:4  | HP: 4/212 [azure jelly[the Royal Jelly] (19)]
 67327 | Slime:5  | Paralysed by a floating eye for 3 turns
 67335 | Slime:5  | Paralysed by a floating eye for 4 turns
 67338 | Slime:5  | HP: 7/213 [large slime creature (32)]
 67338 | Slime:5  | Slain by a slime creature

Vault maps used:
D:1:      elethiomel_arrival_maze
D:2:      minmay_misc_feat_roman
D:4:      serial_shops, shop, nicolae_ossuary_entry_catacombs, first_ration
D:5:      serial_shops, kennysheep_mini
D:6:      kennysheep_nub, nicolae_elemental_shop, st_stairs_1
D:7:      minmay_temple_entry_waves, minmay_fire_ice_demons
D:8:      grunt_temple_overflow_open, minmay_lair_entry_grove, the_bakery,
          uniq_joseph
D:10:     serial_shops, nicolae_shop_behind_doors, enter_bailey_3,
          chequers_jeans, kennysheep_path_1
D:11:     zombieorc2_lemuel, serial_shops, shop, basic_altar
D:12:     gammafunk_ghost_spectres
D:13:     lemuel_castle_with_subvaults, minmay_increasing_density, uniq_erolcha
D:14:     grunt_vaults_entry_tiered, minmay_misc_feat_doors, serial_shops, shop,
          uniq_rupert
D:15:     hangedman_depths_entry_try_elsewhere_first, minmay_misc_feat_pillars,
          uniq_louise, uniq_roxanne
Temple:   regret_index_temple_sphere_string
Lair:1:   portal_ice_cave_entry_pillars_2, gammafunk_ghost_hydra_chop,
          beast_lair_carwin_4
Lair:2:   serial_bayou_lagoon_b, lemuel_fruit_fields, lemuel_fruit_tree
Lair:3:   guppyfry_snake_entry_island, serial_forest,
          infiniplex_forest_straight_2, infiniplex_forest_fountain,
          infiniplex_forest_lined_1, infiniplex_forest_lined_2,
          infiniplex_forest_clump_small, infiniplex_forest_straight_3,
          infiniplex_forest_straight_4, infiniplex_forest_clump_double,
          kennysheep_rathole
Lair:4:   minmay_shoals_entry_beasts
Lair:5:   serial_bayou_pond_e, beast_lair_carwin_8
Lair:6:   evil_forest, minmay_slime_entry_jelly_boxes
Shoals:1: overgrown_tower
Shoals:2: argonaut_golden_fleece, nicolae_shoals_wave_tunnel
Shoals:4: shoals_end_hangedman, nicolae_shoals_kraken_intersection
Snake:1:  cheibrodos_snake_ritualist_ritual, serial_shops, shop
Snake:2:  gammafunk_ghost_necromancy, lemuel_oklob_altar
Snake:3:  uniq_agnes
Snake:4:  minmay_snake_end_coiled, serial_shops, shop, basic_altar
Slime:2:  nicolae_slime_round_cave
Slime:3:  dissolution_awaits
Orc:2:    st_orc_elflike, basic_altar
Elf:1:    minmay_elf_annihilation, nicolae_elf_stone_circles, corner_web_ring
Elf:2:    serial_shops, nicolae_shop_crystal, shop,
          nicolae_shop_overgrown_old_shop, shop
Elf:3:    minmay_elf_hall_not_hex, stair_cage_line
Vaults:1: hangedman_vaults_corner_blocks, nicolae_vaults_alarming,
          v_alt_pattern_2, vaults_mumra_chevron_long, vaults_room_door_hall,
          v_pattern_1, v_misc_9, hangedman_vaults_stitches,
          vaults_room_door_ring, vaults_room_pool, portal_desolation_entry_salt,
          serial_shops, nicolae_shop_behind_doors, uniq_nikola
Vaults:2: minmay_crypt_entry_simple_walls, v_misc_8, vaults_room_pools,
          grunt_vaults_funnel, v_rooms_2, hangedman_vaults_nodes, st_star,
          v_misc_18, vaults_mumra_chevron, vaults_room_grunt_arrival_ludios,
          vaults_room_pools, uniq_frederick
Vaults:3: v_alt_pattern_4, nicolae_vaults_ninety_degrees,
          hangedman_vaults_corner_blocks, v_misc_19,
          nicolae_vaults_little_squares_4, v_misc_28,
          nicolae_vaults_diagonal_hallway_9, hangedman_vaults_hat,
          nicolae_vaults_three_branches, v_alt_pattern_5, vaults_room_fours,
          vaults_dpeg_diagonal, serial_shops, nicolae_shop_waterfront
Vaults:4: v_misc_9, ontoclasm_vaults_pinch, nicolae_vaults_little_squares_3,
          v_rooms_4, v_misc_18, nicolae_vaults_shelves_hall, v_pattern_5,
          v_misc_10, vaults_room_fours, hangedman_vaults_stretched_pinwheel,
          vaults_dpeg_cross, hangedman_vaults_corner_blocks
Ossuary:  ossuary_crypta
IceCv:    ice_cave_small_giant

Skill      XL: |  1  2  3  4  5  6  7  8  9 10 11 12 13 14 15 16 17 18 19 20 21 22 23 |
---------------+----------------------------------------------------------------------+-----
Maces & Flails | 4 5 6 7 9 10 11 13 14 15 16 17 | 17.5
Fighting       | 4 5 6 7 8 9 10 11 12 13 14 15 16 17 18 19 | 19.5
Armour         | 3 4 5 6 7 8 9 10 11 12 13 14 15 16 17 18 19 | 19.4
Dodging        | 3 4 5 6 7 8 9 10 11 12 13 14 15 16 17 18 | 18.1
Shields        | 3 5 7 9 11 13 14 15 17 18 19 21 | 21.6
Throwing       | 1 7 10 12 13 14 15 16 | 16.7
Evocations     | 4 10 12 13 14 | 14.4
Stealth        | 3 7 9 11 12 | 12.6

Action                   |  1- 3 |  4- 6 |  7- 9 | 10-12 | 13-15 | 16-18 | 19-21 | 22-24 || total
-------------------------+-------+-------+-------+-------+-------+-------+-------+-------++-------
Melee: Mace              |    73 |   134 |    75 |       |       |       |       |       ||   282
       Headbutt          |     6 |    37 |    50 |   188 |   452 |   596 |   866 |   624 ||  2819
       Whip              |       |       |   248 |   168 |       |       |       |       ||   416
       Flail             |       |       |       |   542 |  1375 |       |       |       ||  1917
       Morningstar       |       |       |       |       |   205 |   506 |       |       ||   711
       Demon whip        |       |       |       |       |       |  1656 |  2238 |  1455 ||  5349
Throw: Tomahawk          |       |       |       |       |     4 |       |       |       ||     4
Invok: Berserk           |     1 |     3 |     3 |     8 |     7 |     7 |     9 |     7 ||    45
       Trog's Hand       |       |       |     1 |     1 |     3 |     2 |     7 |     2 ||    16
       Brothers in Arms  |       |       |       |     2 |     2 |    11 |    11 |     4 ||    30
Evoke: Box of beasts     |       |       |       |       |       |       |       |     1 ||     1
  Use: Scroll            |       |       |     3 |    10 |    21 |    14 |     9 |    13 ||    70
       Potion            |       |       |       |       |       |     6 |     2 |     3 ||    11
 Stab: Sleeping          |       |     2 |     3 |     3 |       |     3 |       |     1 ||    12
       Paralysed         |       |       |       |       |       |     3 |     9 |     2 ||    14
       Distracted        |       |       |       |       |       |     4 |     2 |       ||     6
       Confused          |       |       |       |       |       |     1 |     3 |     4 ||     8
       Petrifying        |       |       |       |       |       |     1 |       |     1 ||     2
  Eat: Chunk             |     1 |     3 |    14 |    21 |    40 |    34 |    40 |     6 ||   159
       Ration            |       |     2 |     1 |     2 |     5 |     8 |     6 |    10 ||    34
Armor: Animal skin       |    12 |    12 |       |       |       |       |       |       ||    24
       Skin              |       |     1 |     3 |       |       |       |       |       ||     4
       Scale mail        |       |       |    44 |       |       |       |       |       ||    44
       Ring mail         |       |       |    21 |    56 |     2 |    95 |       |       ||   174
       Plate armour      |       |       |       |   180 |   577 |   347 |   317 |   339 ||  1760
Dodge: Dodged            |    34 |    66 |   110 |   252 |   628 |   651 |   458 |   494 ||  2693
       Deflected         |       |       |       |       |       |       |       |    33 ||    33
Block: Shield            |       |       |   115 |   319 |  1110 |       |       |       ||  1544
       Buckler           |       |       |       |    67 |       |       |       |       ||    67
       Large shield      |       |       |       |       |    61 |  2305 |  1844 |  1345 ||  5555
       Reflection        |       |       |       |       |       |       |   167 |    94 ||   261

Table legend:
 A = Non-vault XP
 B = Vault XP
 C = Vault XP percentage of total XP
 D = Non-vault monster count
 E = Vault monster count
 F = Vault count percentage of total count
                 A         B        C        D         E       F
            +---------+---------+-------+---------+---------+-------
      Total |  487547 |  441806 |  47.5 |    1289 |     699 |  35.2
            +---------+---------+-------+---------+---------+-------
        D:1 |      25 |       0 |   0.0 |      17 |       0 |   0.0
        D:2 |     101 |       0 |   0.0 |      21 |       0 |   0.0
        D:3 |     289 |       0 |   0.0 |      29 |       0 |   0.0
        D:4 |     358 |     241 |  40.2 |      13 |       6 |  31.6
        D:5 |     529 |       0 |   0.0 |      10 |       0 |   0.0
        D:6 |     465 |       3 |   0.6 |      14 |       1 |   6.7
        D:7 |     891 |      60 |   6.3 |      16 |       2 |  11.1
        D:8 |    2146 |    2191 |  50.5 |      23 |      14 |  37.8
        D:9 |    1770 |       0 |   0.0 |      27 |       0 |   0.0
       D:10 |    4763 |       6 |   0.1 |      46 |       3 |   6.1
       D:11 |    4513 |     676 |  13.0 |      35 |      36 |  50.7
       D:12 |    4735 |    2787 |  37.1 |      22 |       8 |  26.7
       D:13 |    7444 |    6449 |  46.4 |      29 |      71 |  71.0
       D:14 |   11586 |   10139 |  46.7 |      37 |      26 |  41.3
       D:15 |   11214 |    4537 |  28.8 |      35 |       4 |  10.3
     Lair:1 |    5928 |    2470 |  29.4 |      22 |       8 |  26.7
     Lair:2 |    1661 |       0 |   0.0 |       7 |       0 |   0.0
     Lair:3 |    2645 |     677 |  20.4 |      12 |      15 |  55.6
     Lair:4 |    9016 |     823 |   8.4 |      29 |       2 |   6.5
     Lair:5 |    5759 |    2870 |  33.3 |      21 |       7 |  25.0
     Lair:6 |   17290 |   10714 |  38.3 |      42 |      41 |  49.4
   Shoals:1 |   17186 |       0 |   0.0 |      35 |       0 |   0.0
   Shoals:2 |   10996 |    2391 |  17.9 |      20 |       8 |  28.6
   Shoals:3 |    5732 |       0 |   0.0 |      12 |       0 |   0.0
   Shoals:4 |   17024 |   24271 |  58.8 |      37 |      35 |  48.6
    Snake:1 |   15923 |    2776 |  14.8 |      30 |       5 |  14.3
    Snake:2 |   19935 |       0 |   0.0 |      46 |       0 |   0.0
    Snake:3 |   10958 |    1112 |   9.2 |      19 |       1 |   5.0
    Snake:4 |   20118 |   21796 |  52.0 |      39 |      42 |  51.9
    Slime:1 |   13958 |       0 |   0.0 |      26 |       0 |   0.0
    Slime:2 |   14754 |    7282 |  33.0 |      25 |       8 |  24.2
    Slime:3 |    8287 |    9753 |  54.1 |      17 |       1 |   5.6
    Slime:4 |   10024 |    2491 |  19.9 |      27 |       2 |   6.9
    Slime:5 |   10064 |   20886 |  67.5 |      17 |       7 |  29.2
      Orc:1 |    2849 |       0 |   0.0 |      18 |       0 |   0.0
      Orc:2 |    2801 |    8463 |  75.1 |      39 |      25 |  39.1
      Elf:1 |   28535 |    1816 |   6.0 |      55 |       5 |   8.3
      Elf:2 |    7151 |   24683 |  77.5 |      14 |      32 |  69.6
      Elf:3 |   20357 |   28706 |  58.5 |      33 |      25 |  43.1
   Vaults:1 |   30057 |   21510 |  41.7 |      69 |      32 |  31.7
   Vaults:2 |   25725 |   36875 |  58.9 |      30 |      37 |  55.2
   Vaults:3 |   27552 |   14719 |  34.8 |      52 |      21 |  28.8
   Vaults:4 |   47247 |   56744 |  54.6 |      91 |      55 |  37.7
   Vaults:5 |   27186 |  101512 |  78.9 |      31 |      66 |  68.0
    Ossuary |       0 |     222 | 100.0 |       0 |      12 | 100.0
      IceCv |       0 |    9155 | 100.0 |       0 |      36 | 100.0
            +---------+---------+-------+---------+---------+-------
